[Event "*** Titled Tuesday 3|2 Blitz (Early)"]
[Site "Chess.com"]
[Date "2016.11.01"]
[Round "6"]
[White "metalbattler"]
[Black "Kawhi_Leonard2"]
[Result "1/2-1/2"]
[WhiteElo "2015"]
[BlackElo "2067"]
[TimeControl "180+2"]
[EndTime "12:20:59 PDT"]
[Termination "Game drawn by repetition"]

1. e4 c5 2. Nc3 Nc6 3. Bb5 Nd4 4. Nf3 Nxb5 5. Nxb5 d5 6. exd5 a6 7. Nc3 Nf6 8. d4 Nxd5 9. dxc5 Nxc3 10. Qxd8+ Kxd8 11. bxc3 f6 12. Be3 e5 13. Rb1 Kc7 14. Ke2 Bf5 15.
Rb2 Kc6 16. Rhb1 Rb8 17. Rb6+ Kc7 18. R1b2 Be7 19. Nd2 Rhc8 20. f3 Be6 21. Ne4 Bd5 22. Nd6 Rd8 23. c4 Bc6 24. Ne4 Rd7 25. Nc3 Rbd8 26.
Nd5+ Kc8 27. R6b4 Kb8 28. R4b3 Rc8 29. Nb6 Rcc7 30. Nxd7+ Rxd7 31. Rd3 Rc7 32. Rb1 Kc8 33. Rbd1 Be8 34. Rd5 Bf7 35. g3 Bxd5 36. Rxd5 Rd7 37. g4 Kc7 38. Kd3 Kc6 39. Ke4 g6 40. Rxd7 Kxd7 41.
Kd5 Bd8 42. a4 Bc7 43. h3 Bd8 44. Bh6 Bc7 45. Bg7 Bd8 46. Bh8 Be7 47. Bg7 Bd8 48.
Bh8 Be7 49. Bg7 Bd8 50. Bh6 Be7 51. h4 Bd8 52. h5 Be7 53. Bg7 Bd8 54. Bf8 Ba5 55.
Bd6 Bd8 56. Bf8 Ba5 57. Bg7 Bd8 58. Bf8 Ba5 59. Bg7 Bd8 60. Bf8 Ba5 61. hxg6 hxg6 62. Bg7 Bd8 63. Bf8 g5 64. Bd6 Ba5 65. Bf8 Bd8 66.
Bd6 Ba5 67. Bf8 Bd8 68. Bd6 Ba5 69. Bf8 Bd8 70. Bd6 Ba5 71. Bf8 Bd8 1/2-1/2

[Event "*** Titled Tuesday 3|2 Blitz (Early)"]
[Site "Chess.com"]
[Date "2016.11.01"]
[Round "6"]
[White "E-Shaposhnikov"]
[Black "psv98"]
[Result "1-0"]
[WhiteElo "2714"]
[BlackElo "2622"]
[TimeControl "180+2"]
[EndTime "12:21:10 PDT"]
[Termination "E-Shaposhnikov won by resignation"]

1. Nf3 Nf6 2. c4 e6 3. Nc3 Bb4 4. Qc2 O-O 5. a3 Bxc3 6. Qxc3 d6 7. b4 e5 8. Bb2 Re8 9. g3 Nc6 10. Bg2 Bf5 11. O-O Qd7 12. Rfe1 Bh3 13. Bh1 Qf5 14. d3 Ng4 15. Qd2 h6 16. b5 Nd8 17. e3 Qh5 18.
Qe2 Ne6 19. Nh4 g5 20. Nf5 Qg6 21. Be4 Qh5 22. f3 Nf6 23. g4 Nxg4 24. fxg4 Bxg4 25. Qf2 Nc5 26. Ng3 Qh3 27. Rf1 f5 28. Nxf5 Rf8 29.
Rae1 Kh8 30. Qg2 Qh5 31. Ng3 Qh4 32. d4 Bh3 33. Qc2 Nxe4 34. Rxf8+ Rxf8 35. Qxe4 Qxe4 36. Nxe4 exd4 37. Bxd4+ Kh7 38. Nf2 Be6 39. c5 dxc5 40.
Bxc5 Rf5 41. Rc1 Kg6 42. a4 a6 43. bxa6 bxa6 44. Bd4 Ra5 45. Rc6 Kf7 46. Rxc7+ Kg6 47. Rc6 Kf7 48. Nd3 Rxa4 49. Ne5+ Ke7 50. Rb6 Ra2 51. Ng6+ Kd7 52. Nf8+ Ke7 53. Nxe6 a5 54. Nc5 a4 55. Rxh6 a3 56. Ra6 Kf7 57. e4 g4 58. e5 Rd2 59. e6+ Ke7 60. Ra7+ Kd6 61. e7 Re2 62. Bf6 Kxc5 63. Ra8 Re1+ 64. Kf2 Re6 65. e8=Q Rxf6+ 66. Kg3 Rf3+ 67. Kg2 Rb3 68. Qc8+ Kd4 69. Qxg4+ Kc3 70. Qf3+ Kb2 71. Qxb3+ Kxb3 72. h4 Kb2 73. h5 a2 74. Rxa2+ Kxa2 75. h6 Kb3 76. h7 Kc4 77. h8=Q Kd5 78. Qh3 Ke4 79. Qf3+ Ke5 80. Kf2 1-0

[Event "*** Titled Tuesday 3|2 Blitz (Early)"]
[Site "Chess.com"]
[Date "2016.11.01"]
[Round "6"]
[White "KingFlorida"]
[Black "PowerThinking2650"]
[Result "0-1"]
[WhiteElo "2332"]
[BlackElo "2190"]
[TimeControl "180+2"]
[EndTime "12:21:10 PDT"]
[Termination "PowerThinking2650 won by checkmate"]

1. e4 e5 2. d3 Nf6 3. Nf3 Nc6 4. Nbd2 d5 5. Be2 Bc5 6. O-O O-O 7. c3 Re8 8. Qc2 a5 9. Re1 h6 10. Nf1 Bg4 11. Ng3 dxe4 12. dxe4 Nh5 13. Nxh5 Bxh5 14. a4 Qf6 15. h3 Rad8 16. Bd2 Rd6 17.
Rad1 Red8 18. Bc1 Bg6 19. Rxd6 Rxd6 20. Bc4 Nd8 21. Nh2 Bh5 22. Nf1 Ne6 23. Be3 Bxe3 24.
Nxe3 Nf4 25. Bf1 c6 26. g3 Ne6 27. Nf5 Rd7 28. Be2 Bg6 29. Ne3 Nc5 30. f3 Qg5 31.
Kf2 h5 32. h4 Qf6 33. Kg2 Qd8 34. Rd1 f6 35. Rxd7 Qxd7 36. b4 axb4 37. cxb4 Ne6 38. Bc4 Bf7 39. Bxe6 Bxe6 40. Qd1 Qe7 41. Qd2 g6 42. a5 Kf7 43. Kf2 Qc7 44. Nd1 Kg7 45.
Nc3 c5 46. Nb5 Qc6 47. Nd6 c4 48. b5 Qc5+ 49. Kg2 c3 50. Ne8+ Kf7 51. Qd8 c2 52.
Qxf6+ Kxe8 53. Qxe6+ Kd8 54. Qg8+ Kc7 55. Qf7+ Kb8 56.
Qe8+ Qc8 57. Qxe5+ Ka8 58. a6 c1=Q 59. axb7+ Kxb7 60.
Qd5+ Kb6 61. Qd6+ Kxb5 62. Qd5+ Kb4 63. Qd4+ Kb3 64. Qb6+ Kc2 65. Qxg6 Qd2+ 66. Kg1 Qc5+ 67. Kh1 Qd1+ 68. Kh2 Qf2+ 69. Kh3 Qh1# 0-1

[Event "*** Titled Tuesday 3|2 Blitz (Early)"]
[Site "Chess.com"]
[Date "2016.11.01"]
[Round "6"]
[White "GMKrikor"]
[Black "visa"]
[Result "1-0"]
[WhiteElo "2560"]
[BlackElo "2131"]
[TimeControl "180+2"]
[EndTime "12:21:24 PDT"]
[Termination "GMKrikor won on time"]

1. e4 d6 2. d4 Nf6 3. Nc3 e5 4. Nf3 Nbd7 5. Bc4 Be7 6. O-O c6 7.
a4 Qc7 8. h3 h6 9. Be3 Nf8 10. Nh4 g6 11. Ba2 N6h7 12. Nf3 g5 13.
Ne2 Nf6 14. Ng3 Ng6 15. Nf5 Nxe4 16. Nxe7 Qxe7 17. Re1 d5 18. Nxe5 Nxe5 19. dxe5 O-O 20. c4 Be6 21. cxd5 cxd5 22. Bd4 Rfd8 23. Rc1 b6 24.
Bb1 Bf5 25. Qh5 Qe6 26. Rc7 Rdc8 27. Rec1 Rxc7 28. Rxc7 Rc8 29. Rxc8+ Qxc8 30. Bxe4 Bxe4 31. Be3 Qe6 32. Bd4 Qg6 33. Qg4 Qf5 34. Qg3 Qf4 35. Qc3 Kh7 36. f3 Bg6 37. Kf2 Qh4+ 38. Kf1 Qg3 39.
Qc7 h5 40. Qd8 Qf4 41. Bf2 g4 42. hxg4 Qc1+ 43. Be1 Qxb2 44. gxh5 Bd3+ 45. Kg1 Qd4+ 46. Bf2 Qxe5 47. Qh4 Qf5 48. Bd4 Be2 49. Kh2 Bd1 50.
h6 Bxa4 51. Bg7 Bd1 52. Bd4 a5 53. Be3 a4 54. Qg3 Qg6 55. Qb8 a3 56. Kg1 a2 57.
Bd4 Kxh6 58. Qh8+ Qh7 59. Be3+ Kg6 60. Qa1 Bb3 61. Qe5 Qg7 62. Qg3+ Kh7 63. Qh4+ Kg8 64. Qd8+ Kh7 65. Qh4+ Kg8 66. Qd8+ Qf8 67. Qg5+ Qg7 68. Qd8+ Kh7 69. Qh4+ Kg6 70. Qg5+ Kh7 71. Qh4+ Kg8 72. Qd8+ Qf8 73. Qg5+ Kh7 74. Qf5+ Kg8 75. Bd4 1-0

[Event "*** Titled Tuesday 3|2 Blitz (Early)"]
[Site "Chess.com"]
[Date "2016.11.01"]
[Round "6"]
[White "DanielNaroditsky"]
[Black "FairChess_on_YouTube"]
[Result "1/2-1/2"]
[WhiteElo "2742"]
[BlackElo "2735"]
[TimeControl "180+2"]
[EndTime "12:21:31 PDT"]
[Termination "Game drawn - insufficient material"]

1. d4 d5 2. Bf4 Nf6 3. e3 c5 4.
dxc5 Nc6 5. Bb5 g6 6. Nf3 Bg7 7. Nc3 O-O 8. O-O Bg4 9. Bxc6 bxc6 10. Be5 Bxf3 11. Qxf3 Qa5 12. e4 Qxc5 13. exd5 Nxd5 14. Bxg7 Kxg7 15. Nxd5 cxd5 16. c3 Rab8 17. Qe2 e6 18. Rad1 Qb5 19. Qe5+ Kg8 20. Rd2 Qc4 21. b3 Qg4 22.
Rd4 Qf5 23. Qxf5 gxf5 24. c4 Rb4 25. Rc1 Rc8 26. Kf1 a5 27. Ke2 Rb7 28. Rc3 a4 29. Rg3+ Kf8 30. cxd5 Rc2+ 31. Rd2 Rxd2+ 32. Kxd2 axb3 33.
axb3 exd5 34. Rf3 Ke7 35. Rxf5 Rxb3 36. Rxd5 Kf6 37. Rd3 Rb2+ 38. Ke3 h6 39. Kf3 Kg7 40. h4 Rb4 41. g3 Rb6 42. Kg2 Rb5 43. Rf3 Rb6 44. Rf5 Rb4 45. Rf3 Rb5 46. Rf4 h5 47.
Rf3 Kg6 48. Re3 Rb4 49. Kf3 Rb8 50. Re5 f6 51. Re3 Ra8 52. Kg2 Rb8 53. Rf3 Ra8 54. Rb3 Rc8 55. Rf3 Rb8 56. Rf4 Ra8 57. Rc4 Rb8 58. g4 hxg4 59. Rxg4+ Kh5 60. Rf4 Rb6 61. Kg3 Rb3+ 62. f3 Rb6 63. Rf5+ Kg6 64. Kg4 Rb4+ 65. f4 Rb1 66. h5+ Kg7 67. Ra5 Rb7 68. Kf5 Rc7 69.
Rb5 Ra7 70. Rd5 Rb7 71. Ke6 Rb4 72. Rd7+ Kh6 73. f5 Rb6+ 74. Rd6 Rb7 75. Kxf6 Kxh5 76. Re6 Ra7 77. Re1 Ra6+ 78. Re6 Ra7 79. Rd6 Rb7 80. Ke6 Kg5 81. f6 Kg6 82. Rd1 Rb6+ 83. Ke7 Rb7+ 84.
Ke6 Rb6+ 85. Rd6 Rxd6+ 86. Kxd6 Kxf6 1/2-1/2

[Event "*** Titled Tuesday 3|2 Blitz (Early)"]
[Site "Chess.com"]
[Date "2016.11.01"]
[Round "6"]
[White "viditchess"]
[Black "amaidel"]
[Result "1-0"]
[WhiteElo "2568"]
[BlackElo "2491"]
[TimeControl "180+2"]
[EndTime "12:22:02 PDT"]
[Termination "viditchess won by resignation"]

1. d4 d5 2. c4 c6 3. Nf3 Nf6 4.
e3 Bg4 5. h3 Bh5 6. cxd5 Bxf3 7.
Qxf3 cxd5 8. Bd3 Nc6 9. O-O g6 10. Nc3 Bg7 11. Qd1 O-O 12. Qb3 b6 13. Rd1 e6 14.
Bd2 Na5 15. Qa4 a6 16. Ne2 Nb7 17. Rac1 b5 18. Qb3 Nd6 19. Bb4 Re8 20. a4 Nc4 21.
axb5 axb5 22. Nc3 Rb8 23. Ra1 Bf8 24. Bxf8 Rxf8 25. Qb4 Qd6 26. Qxd6 Nxd6 27. b3 Rfc8 28. Rdc1 b4 29. Na4 Nfe4 30. f3 Nc3 31. Nc5 Ra8 32.
Na6 Kg7 33. Kf2 Ra7 34. Nxb4 Rxa1 35. Rxa1 Rb8 36. Rc1 Nce4+ 37. fxe4 Rxb4 38. e5 Ne4+ 39. Bxe4 dxe4 40. Rb1 f6 41. exf6+ Kxf6 42. Ke2 e5 43. dxe5+ Kxe5 44. Kd2 Rb8 45. b4 Rd8+ 46. Ke2 Rb8 47. Kd2 Rd8+ 48. Kc2 Rc8+ 49. Kb3 Rb8 50. Rc1 Kd5 51.
Rc5+ Kd6 52. h4 Ra8 53. Rc4 Kd5 54. b5 Ra1 55. Rc2 Rb1+ 56. Ka4 Ra1+ 57. Kb4 h5 58. Rd2+ Ke5 59. b6 Re1 60. Kc4 Rb1 61. Kc5 Rb3 62.
Kc6 Rc3+ 63. Kd7 Rb3 64. Kc7 Rc3+ 65. Kd8 Rb3 66. Kc7 Rc3+ 67. Kb8 Rxe3 68. Rb2 Rd3 69. b7 Rd7 70. Kc8 Rxb7 71. Kxb7 Kd4 72. Rb6 e3 73. Rxg6 e2 74. Re6 Kd3 75. Kc6 Kd2 76.
Kd5 e1=Q 77. Rxe1 Kxe1 78. Ke4 Kf2 79. Kf4 Kxg2 80. Kg5 Kg3 81. Kxh5 Kf4 82. Kg6 Ke5 83. h5 Ke6 84. h6 Ke7 85. h7 1-0

[Event "*** Titled Tuesday 3|2 Blitz (Early)"]
[Site "Chess.com"]
[Date "2016.11.01"]
[Round "6"]
[White "Gabrielian_Artur"]
[Black "RodinMihail"]
[Result "1-0"]
[WhiteElo "2573"]
[BlackElo "2433"]
[TimeControl "180+2"]
[EndTime "12:22:07 PDT"]
[Termination "Gabrielian_Artur won by resignation"]

1. e4 e5 2. Nf3 Nc6 3. Bc4 Bc5 4. d3 Nf6 5. O-O a6 6. a4 h6 7. c3 Ba7 8. Re1 O-O 9. Nbd2 d6 10. a5 Kh8 11. b4 Ng4 12. Re2 f5 13. h3 Nf6 14. Nh4 Kh7 15. Nxf5 d5 16. Bb3 dxe4 17.
dxe4 Nxe4 18. Nxe4 Qxd1+ 19. Bxd1 Bxf5 20. Bc2 Kh8 21. Be3 Bxe3 22. Rxe3 Rad8 23. Rc1 b6 24. axb6 cxb6 25.
Ba4 Ne7 26. Ng3 b5 27. Bb3 Ng6 28. Nxf5 Rxf5 29. Bc2 Rf6 30. g3 Rd2 31. Bxg6 Rxg6 32. Rxe5 Rf6 33. Rf1 Rf3 34. Rc5 Rc2 35. Rc6 Rfxc3 36.
Rxa6 Rb2 37. Re1 Rcc2 38. Ra8+ Kh7 39. Rf8 Rxb4 40. Re7 Rc6 41. Kg2 Rb2 42. Rff7 Rg6 43. h4 Kg8 44. Kh3 b4 45. h5 Rf6 46. Rxg7+ Kf8 47.
f4 Rb1 48. Rb7 b3 49. Rh7 Kg8 50. Rhg7+ Kf8 51. Rgc7 Kg8 52. Kg4 b2 53. Rc8+ Rf8 54. Rcc7 Rf6 55. Rc2 Rf7 56. Rbxb2 Rg1 57. Kf3 Rg7 58.
Rg2 Rh1 59. g4 Rh3+ 60. Rg3 Rh1 61. Kg2 Rd1 62. Rf2 Rd5 63. Kh3 Rf7 64. Rgg2 Rd3+ 65. Kh4 Rd4 66. Kg3 Rd3+ 67. Rf3 Rd4 68. g5 hxg5 69. fxg5 Rg7 70. g6 Rd5 71. Rgf2 Rd8 72. Kg4 Rd4+ 73. Rf4 Rd8 74. Kg5 Rb7 75. h6 Rb5+ 76. Rf5 Rb7 77. h7+ Kg7 78. Rf7+ Rxf7 79. Rxf7+ Kh8 80. Kh6 Rg8 81. hxg8=Q+ 1-0

[Event "*** Titled Tuesday 3|2 Blitz (Early)"]
[Site "Chess.com"]
[Date "2016.11.01"]
[Round "6"]
[White "IIIlllII1llIl"]
[Black "uzbektiger95"]
[Result "1/2-1/2"]
[WhiteElo "2529"]
[BlackElo "2617"]
[TimeControl "180+2"]
[EndTime "12:22:10 PDT"]
[Termination "Game drawn - insufficient material"]

1. e4 c5 2. c3 Nf6 3. e5 Nd5 4. Nf3 Nc6 5. Bc4 Nb6 6. Bb3 c4 7. Bc2 d6 8. exd6 e5 9. O-O Bxd6 10. d4 cxd3 11. Qxd3 Be7 12. Qxd8+ Bxd8 13. Re1 f6 14. Nd4 Bd7 15. f4 O-O 16. Nxc6 Bxc6 17. fxe5 fxe5 18. Nd2 Nd5 19. Ne4 Bb6+ 20. Kh1 Nf4 21. Be3 Bxe3 22. Rxe3 Rad8 23. Rd1 g6 24. h3 Kg7 25.
Kh2 Rxd1 26. Bxd1 Rd8 27. Bf3 Bxe4 28. Rxe4 Kf6 29. Ra4 Rd2 30. Rxa7 Rxb2 31. Bxb7 Rc2 32. a4 Kf5 33. Ra8 Rxc3 34. a5 Ra3 35. a6 h5 36.
Rf8+ Kg5 37. Re8 Kf6 38. h4 Ne6 39. Rc8 Nd4 40. Rf8+ Kg7 41. Rd8 Nf5 42. Rd7+ Kh6 43. g3 Ra2+ 44. Kh3 Ra3 45. Bd5 Rxa6 46. Bg8 g5 47. Rh7+ Kg6 48. hxg5 Ra8 49. Bd5 Rd8 50. Be4 Kxh7 51. Bxf5+ Kg7 52. Kh4 Rd4+ 53. Kxh5 Rb4 54. g4 e4 55. Kh4 e3 56. Kg3 Rf4 57. Bd3 Rf8 58. Kg2 Rf4 59. Kg3 Rf2 60. Bb5 Kg6 61.
Bd3+ Kxg5 62. Bb5 Rf4 63. Be2 Rf6 64. Bd3 Rf2 65. Bb5 Rb2 66. Bd3 Rb3 67. Be2 Ra3 68. Kf3 Kf6 69. Kf4 Ke6 70. Ke4 Kd6 71. Kd4 Ke6 72. Ke4 Kf6 73. Kf4 Rc3 74. Bf3 Kg6 75. Be2 Kf6 76. Bf3 Ra3 77. Be2 Ke6 78. Ke4 Kd6 79.
Kd4 Kc6 80. Kc4 Kb6 81. Kd4 Ka5 82. g5 Kb4 83. g6 Ra7 84. Kxe3 Rg7 85. Bd3 Rxg6 86.
Bxg6 1/2-1/2

[Event "*** Titled Tuesday 3|2 Blitz (Early)"]
[Site "Chess.com"]
[Date "2016.11.01"]
[Round "6"]
[White "GeorgMeier"]
[Black "fastestmindalive"]
[Result "1-0"]
[WhiteElo "2706"]
[BlackElo "2517"]
[TimeControl "180+2"]
[EndTime "12:22:29 PDT"]
[Termination "GeorgMeier won by checkmate"]

1. Nf3 Nf6 2. g3 b5 3. Bg2 Bb7 4. O-O e6 5. d3 Be7 6. e4 d5 7. e5 Nfd7 8. Re1 c5 9. Bf4 Nc6 10.
h4 a5 11. Nbd2 a4 12. Nf1 a3 13. b3 Qb6 14. Ne3 Nd4 15. Nxd4 cxd4 16. Nf1 Rc8 17. Nh2 Bb4 18. Re2 Bc3 19. Rb1 Kd8 20. Nf3 h6 21. b4 Ra8 22. Rb3 Ra4 23. Qb1 Kc7 24. Bd2 Bxd2 25.
Nxd2 Nb8 26. Qc1 Nc6 27. Rxa3 Rxa3 28. Qxa3 Ra8 29. Qc1 Rxa2 30. Nb3 Kb8 31. Qf4 Qc7 32. Bf3 Bc8 33. Kg2 Bb7 34. h5 Nxb4 35. Nxd4 Nxc2 36. Nxc2 Rxc2 37. Rxc2 Qxc2 38. Qxf7 Bc8 39. Qxg7 b4 40. Qf8 b3 41. Qd6+ Ka8 42. Qa3+ Kb8 43. Qb4+ Bb7 44.
Qf8+ Ka7 45. Qa3+ Ba6 46. Qa4 Qc3 47. Qa3 Qc2 48. Qa4 Qxd3 49. Qd7+ Kb8 50. Qxe6 Qf1+ 51. Kh2 Qxf2+ 52. Bg2 Bf1 53. Qd6+ Ka7 54. Qa3+ Ba6 55. Qxb3 d4 56. e6 Qe2 57. Qd5 d3 58. Qc5+ Kb8 59.
Qb6+ Kc8 60. Qxa6+ Kc7 61. e7 Qxh5+ 62. Kg1 Qd1+ 63.
Bf1 Qe1 64. Qc4+ Kd7 65. Qxd3+ Kxe7 66. Qf3 Qc1 67. Kg2 Qg5 68. Be2 Qc1 69. Qf4 Qc6+ 70.
Bf3 Qc2+ 71. Kh3 Qc8+ 72. Kh4 Qh8 73. Bh5 Ke6 74. Bg6 Qg7 75. Kh5 Ke7 76. Qxh6 Qa1 77.
Qg5+ Kf8 78. Qf4+ Ke7 79. Qf7+ Kd6 80. Be4 Qd1+ 81. Qf3 Qg1 82. Qf4+ Ke7 83. g4 Qe1 84. g5 Qe2+ 85. Kg6 Qa2 86. Qf6+ Ke8 87. Bc6# 1-0

[Event "*** Titled Tuesday 3|2 Blitz (Early)"]
[Site "Chess.com"]
[Date "2016.11.01"]
[Round "6"]
[White "fireheart92"]
[Black "NDePinEsPeRG"]
[Result "1/2-1/2"]
[WhiteElo "2552"]
[BlackElo "2659"]
[TimeControl "180+2"]
[EndTime "12:22:42 PDT"]
[Termination "Game drawn - insufficient material"]

1. d4 Nf6 2. c4 e6 3. Nf3 b6 4. g3 Bb7 5. Bg2 Be7 6. O-O O-O 7. Re1 d5 8. cxd5 exd5 9. Nc3 Nbd7 10. Bf4 c5 11.
Rc1 Ne4 12. dxc5 Ndxc5 13. Nd4 Bf6 14. Be3 Re8 15. Nxe4 dxe4 16. b4 Ne6 17. Nxe6 Rxe6 18. Qxd8+ Rxd8 19. Bh3 Re7 20. Red1 Rxd1+ 21. Rxd1 h6 22.
b5 Bg5 23. Rd8+ Kh7 24. Bd4 Kg6 25. Rd6+ Bf6 26. Bd7 e3 27. fxe3 Be4 28. a4 Bf5 29.
Bxf5+ Kxf5 30. Bxf6 gxf6 31. Kf2 Rc7 32. Rc6 Rd7 33.
Kf3 h5 34. h3 Re7 35. Rc4 Rd7 36. Rf4+ Kg6 37. g4 h4 38. Rf5 Rd1 39. Rh5 Ra1 40. Rxh4 Rxa4 41. Rh5 Ra1 42. Rd5 Rf1+ 43. Kg3 Rg1+ 44.
Kf2 Rh1 45. Kg3 Rg1+ 46. Kf4 Rf1+ 47. Ke4 Rh1 48. Rh5 Rb1 49. h4 Rg1 50. Kf3 Rf1+ 51. Kg2 Re1 52. Kf2 Rh1 53. e4 Rh2+ 54. Kf3 Rh3+ 55.
Kf4 Rh1 56. e5 fxe5+ 57. Kxe5 f6+ 58. Ke4 Rg1 59. Kf3 Rf1+ 60. Kg2 Re1 61. Kf2 Rh1 62. Rh8 Kg7 63. Kg2 Rb1 64. Ra8 Rxb5 65. Rxa7+ Kg6 66. Kf3 f5 67. gxf5+ Rxf5+ 68. Ke4 Rh5 69. Rb7 Rxh4+ 70. Kd5 Rh5+ 71. Kd6 b5 72. e4 Kf6 73. Rb8 Rh1 74. e5+ Kg7 75. Rxb5 Rd1+ 76. Ke7 Ra1 77. Rb8 Ra7+ 78.
Ke8 Kg6 79. Rb6+ Kg7 80. Rd6 Ra8+ 81. Rd8 Ra6 82. Rd7+ Kg8 83. Ke7 Kg7 84. e6 Ra8 85. Rb7 Ra1 86. Ke8+ Kf6 87. e7 Ra8+ 88. Kd7 Kf7 89.
Rc7 Re8 90. Kd6 Ra8 91. Rc3 Ra6+ 92. Kd7 Ra7+ 93. Kd8 Ra8+ 94. Kd7 Ra7+ 95. Kd8 Ra8+ 96. Rc8 Rxc8+ 97. Kxc8 Kxe7 1/2-1/2

[Event "*** Titled Tuesday 3|2 Blitz (Early)"]
[Site "Chess.com"]
[Date "2016.11.01"]
[Round "7"]
[White "Drags95"]
[Black "fireheart92"]
[Result "0-1"]
[WhiteElo "2449"]
[BlackElo "2570"]
[TimeControl "180+2"]
[EndTime "12:26:31 PDT"]
[Termination "fireheart92 won by resignation"]

1. d4 Nf6 2. c4 g6 3. Nc3 Bg7 4.
e4 d6 5. Nf3 O-O 6. Be2 e5 7.
O-O Nc6 8. d5 Ne7 9. b4 Ne8 10.
c5 f5 11. a4 Nf6 12. Ng5 h6 13. Ne6 Bxe6 14. dxe6 fxe4 15. Ba3 d5 16. b5 c6 17. a5 d4 18. Na4 d3 19. Bg4 cxb5 20. Nc3 a6 21.
Re1 Qd4 22. c6 b4 23. cxb7 Rab8 0-1

[Event "*** Titled Tuesday 3|2 Blitz (Early)"]
[Site "Chess.com"]
[Date "2016.11.01"]
[Round "7"]
[White "Kawhi_Leonard2"]
[Black "KestutisLabeckas"]
[Result "0-1"]
[WhiteElo "2065"]
[BlackElo "2460"]
[TimeControl "180+2"]
[EndTime "12:27:05 PDT"]
[Termination "KestutisLabeckas won by resignation"]

1. e4 e6 2. d4 d5 3. Nd2 dxe4 4.
Nxe4 Nd7 5. Nf3 Ngf6 6. Nxf6+ Nxf6 7. Bd3 c5 8. dxc5 Bxc5 9. O-O O-O 10. b3 Qb6 11. Bb2 Rd8 12. Qe2 Bd7 13. Ne5 Be8 14. Ng4 Nxg4 15. Qxg4 Bd4 16. Bxd4 Rxd4 17. Qg3 Rad8 18.
Rad1 Qa5 19. a4 Bc6 20. Qe3 g6 21. Be2 e5 22. Rxd4 exd4 23. Qe7 Re8 0-1

[Event "*** Titled Tuesday 3|2 Blitz (Early)"]
[Site "Chess.com"]
[Date "2016.11.01"]
[Round "7"]
[White "IIIlllII1llIl"]
[Black "Frolyanov_D"]
[Result "0-1"]
[WhiteElo "2513"]
[BlackElo "2463"]
[TimeControl "180+2"]
[EndTime "12:27:18 PDT"]
[Termination "Frolyanov_D won by resignation"]

1. e4 e5 2. Nf3 Nf6 3. Nc3 Nc6 4.
d4 exd4 5. Nxd4 Bb4 6. Nxc6 bxc6 7. Bd3 d5 8. exd5 O-O 9. O-O cxd5 10. Bg5 c6 11. Qf3 h6 12. Bxf6 Qxf6 13. Qxf6 gxf6 14.
Ne2 Bd6 15. Nd4 c5 16. Nf5 Bxf5 17. Bxf5 Rab8 18. b3 Rfe8 19. f4 Re3 20. Rad1 d4 21. Bd3 Bc7 22. g3 Ba5 23. Kg2 Rbe8 24. Kh3 Kg7 25. Kg4 Bc3 26. Kf5 h5 27. Rg1 c4 28.
Bxc4 Rc8 0-1

[Event "*** Titled Tuesday 3|2 Blitz (Early)"]
[Site "Chess.com"]
[Date "2016.11.01"]
[Round "7"]
[White "E-Shaposhnikov"]
[Black "DanielNaroditsky"]
[Result "1/2-1/2"]
[WhiteElo "2715"]
[BlackElo "2741"]
[TimeControl "180+2"]
[EndTime "12:27:24 PDT"]
[Termination "Game drawn by agreement"]

1. Nf3 d5 2. d4 Nf6 3. c4 e6 4. Nc3 Bb4 5. e3 O-O 6. Bd3 b6 7. cxd5 exd5 8. O-O Bb7 9. Bd2 a6 10. Ne5 Nbd7 11. f4 Bxc3 12. Bxc3 Ne4 13. Bxe4 dxe4 14.
Bb4 Re8 15. Rc1 Nf6 16. Ba3 Nd5 17. Qh5 Qf6 18. Qh3 1/2-1/2

[Event "*** Titled Tuesday 3|2 Blitz (Early)"]
[Site "Chess.com"]
[Date "2016.11.01"]
[Round "7"]
[White "amaidel"]
[Black "jk13"]
[Result "1-0"]
[WhiteElo "2500"]
[BlackElo "2479"]
[TimeControl "180+2"]
[EndTime "12:27:35 PDT"]
[Termination "amaidel won by resignation"]

1. e4 e5 2. Nf3 Nc6 3. Bc4 Bc5 4.
d3 Nf6 5. O-O O-O 6. c3 d5 7.
exd5 Nxd5 8. Bb3 Bg4 9. h3 Bh5 10. Re1 Nb6 11. Qe2 Re8 12. Nbd2 Bd6 13. Ne4 h6 14.
Be3 Bf8 15. Rad1 a5 16. Bc2 a4 17. Ng3 Bg6 18. d4 exd4 19. Nxd4 Nxd4 20. Rxd4 Qf6 21.
Bxg6 Qxg6 22. Rg4 Qe6 23. Qf3 Qxa2 24. Nf5 Kh7 25. Qg3 g6 26. Nxh6 Bxh6 27. Rh4 Rxe3 28. Qxe3 1-0

[Event "*** Titled Tuesday 3|2 Blitz (Early)"]
[Site "Chess.com"]
[Date "2016.11.01"]
[Round "7"]
[White "TheSovietChess"]
[Black "avto24"]
[Result "1-0"]
[WhiteElo "2504"]
[BlackElo "2331"]
[TimeControl "180+2"]
[EndTime "12:28:16 PDT"]
[Termination "TheSovietChess won by resignation"]

1. d4 d5 2. c4 c6 3. Bf4 Nf6 4.
Nc3 e6 5. e3 Nbd7 6. Nf3 Be7 7.
Bd3 dxc4 8. Bxc4 b5 9. Bb3 a6 10. Bc2 Bb7 11. O-O c5 12. Re1 Qb6 13. Ne5 Rd8 14. a4 cxd4 15. exd4 b4 16. a5 Qa7 17.
Na4 Nxe5 18. Bxe5 O-O 19. Bxf6 Bxf6 20. Qe2 Bxd4 21. Red1 g6 22. Rd2 Bf6 23. Rad1 Bc6 24. Qc4 Qa8 25. Nb6 Qb7 26. Qf4 Rxd2 27. Rxd2 Bxb2 28.
Qxb4 Bg7 29. f4 Rb8 30. Bd3 Bf8 31. Qd4 Qc7 32. Rc2 Qb7 33. h3 Be7 34. Qe5 Rd8 35.
Bxa6 Qxa6 36. Rxc6 Qxa5 37. Qxa5 1-0

[Event "*** Titled Tuesday 3|2 Blitz (Early)"]
[Site "Chess.com"]
[Date "2016.11.01"]
[Round "7"]
[White "MateusViageiro"]
[Black "Rating-Schmating"]
[Result "0-1"]
[WhiteElo "2261"]
[BlackElo "2259"]
[TimeControl "180+2"]
[EndTime "12:28:21 PDT"]
[Termination "Rating-Schmating won by checkmate"]

1. e4 e6 2. Qe2 c5 3. f4 b6 4. Nf3 d6 5. g3 Bb7 6. Bg2 Nf6 7. d3 Nbd7 8. O-O Be7 9. Kh1 Qc7 10. c3 O-O 11. Be3 b5 12. Nbd2 a5 13.
Bg1 b4 14. Rfe1 Nb6 15. d4 Ba6 16. Qd1 bxc3 17. bxc3 d5 18. e5 Nfd7 19. f5 exf5 20. e6 fxe6 21. Rxe6 Bf6 22. Rb1 Rae8 23. Qe1 Kf7 24.
Rxe8 Rxe8 25. Qd1 Nc4 26. Nxc4 Bxc4 27. dxc5 Nxc5 28. Nd4 Nd3 29. Nxf5 Re1 30. Qh5+ g6 31. Qxh7+ Ke6 32. Qxc7 Nf2# 0-1

[Event "*** Titled Tuesday 3|2 Blitz (Early)"]
[Site "Chess.com"]
[Date "2016.11.01"]
[Round "7"]
[White "psv98"]
[Black "AlexanderL"]
[Result "1-0"]
[WhiteElo "2629"]
[BlackElo "2547"]
[TimeControl "180+2"]
[EndTime "12:28:25 PDT"]
[Termination "psv98 won by resignation"]

1. d4 e6 2. c4 b6 3. g3 Bb7 4. Nf3 Bb4+ 5. Nc3 Nf6 6. Bg2 Bxc3+ 7. bxc3 d6 8. O-O Nbd7 9. d5 e5 10. Nh4 Nc5 11. Qc2 Ba6 12. f4 e4 13. Nf5 O-O 14. Ne3 Re8 15. Kh1 Nfd7 16. g4 Qh4 17. Bd2 Qe7 18.
Rg1 Qf8 19. Raf1 b5 20. cxb5 Bxb5 21. c4 Ba4 22. Qc1 Nb6 23. g5 f5 24. gxf6 Qxf6 25. Bc3 Qf7 26. Bh3 g6 27. Ng4 Kf8 28. Nh6 Qe7 29.
f5 g5 30. Rxg5 1-0

[Event "*** Titled Tuesday 3|2 Blitz (Early)"]
[Site "Chess.com"]
[Date "2016.11.01"]
[Round "7"]
[White "Andrejkin"]
[Black "KingFlorida"]
[Result "1-0"]
[WhiteElo "2159"]
[BlackElo "2320"]
[TimeControl "180+2"]
[EndTime "12:28:54 PDT"]
[Termination "Andrejkin won by resignation"]

1. e4 Nf6 2. e5 Nd5 3. d4 d6 4.
c4 Nb6 5. exd6 exd6 6. Nf3 Be7 7. Nc3 O-O 8. Be2 Bg4 9. O-O Nc6 10. b3 d5 11. c5 Nc8 12. h3 Bh5 13. g4 Bg6 14. b4 Re8 15. b5 Na5 16. Qa4 c6 17. bxc6 bxc6 18. Be3 h6 19. Ne5 Qc7 20. Nxg6 fxg6 21.
Nxd5 cxd5 22. Qxe8+ Kh7 23. g5 h5 24. Bd3 Qc6 25.
Qxc6 Nxc6 26. f4 a5 27. f5 a4 28. fxg6+ 1-0

[Event "*** Titled Tuesday 3|2 Blitz (Early)"]
[Site "Chess.com"]
[Date "2016.11.01"]
[Round "7"]
[White "Jahonas"]
[Black "popov_m"]
[Result "0-1"]
[WhiteElo "2167"]
[BlackElo "2260"]
[TimeControl "180+2"]
[EndTime "12:29:06 PDT"]
[Termination "popov_m won by resignation"]

1. d4 Nf6 2. c4 g6 3. Nf3 Bg7 4. Nc3 d6 5. g3 O-O 6. Bg2 c5 7.
O-O Nc6 8. d5 Na5 9. Qd3 a6 10.
Bd2 Rb8 11. e4 b5 12. cxb5 axb5 13. e5 Ne8 14. exd6 Nxd6 15. Rad1 Bf5 16. Qe2 c4 17. Rfe1 Re8 18. Bg5 Bd3 19. Qd2 b4 20. Na4 Ne4 21. Qe3 Nxg5 22. Nxg5 Bc2 23. Qf4 Rf8 24. Nc5 Bxd1 25. Rxd1 c3 26. bxc3 bxc3 27. Bh3 c2 28. Rc1 Qxd5 29. Nd7 Rb1 30. Nxf8 Rxc1+ 31. Qxc1 Qd1+ 0-1

[Event "*** Titled Tuesday 3|2 Blitz (Early)"]
[Site "Chess.com"]
[Date "2016.11.01"]
[Round "7"]
[White "ChessWarrior7197"]
[Black "RitvarsReimanis"]
[Result "0-1"]
[WhiteElo "2475"]
[BlackElo "2410"]
[TimeControl "180+2"]
[EndTime "12:29:07 PDT"]
[Termination "RitvarsReimanis won by checkmate"]

1. e4 c5 2. Nf3 Nc6 3. Bb5 g6 4. Bxc6 bxc6 5. d3 Bg7 6. Nc3 d6 7. h3 e5 8. O-O Nf6 9. Ne2 O-O 10. Nh2 Nh5 11. c3 f5 12. exf5 gxf5 13. f4 e4 14. d4 cxd4 15. Nxd4 Ng3 16. Re1 c5 17. Nb5 Ba6 18. a4 Bxb5 19. axb5 h5 20. Nf1 Nxf1 21. Rxf1 d5 22. Qxh5 d4 23. Ra6 Rf6 24. Rxf6 Qxf6 25. g4 dxc3 26. Qxf5 Qxf5 27. gxf5 cxb2 28. Be3 c4 29. Kf2 c3 30. Rg1 Kf7 31. f6 Bxf6 32.
b6 axb6 33. Rg7+ Kxg7 34. Bd4 Bxd4+ 35. Kg3 b1=Q 36. Kg4 Kf6 37. f5 Qd1+ 38. Kh4 Bf2# 0-1